 Dungeon Crawl Stone Soup version 0.31.0-32-g396128a36d (webtiles) character file.

Game seed: 3364976554220171847

5758 KittyFluff the Mimic (level 10, -4/144 HPs)
             Began as a Troll Shapeshifter on Apr 11, 2024.
             Was a Believer of Trog.
             Slain by a gnoll sergeant
             ... wielding a +0 spear
              (9 damage)
             ... on level 8 of the Dungeon.
             The game lasted 00:33:25 (6610 turns).

KittyFluff the Mimic (Troll Shapeshifter)           Turns: 6610, Time: 00:33:26

Health: -4/144     AC:  6    Str: 32    XL:     10   Next: 49%
Magic:  9/9        EV: 11    Int:  6    God:    Trog [**....]
Gold:   87         SH:  0    Dex: 11    Spells: 9/9 levels left

rFire   + .          .
                       - Unarmed
rCold   + . .        (no shield)
rNeg    . . .        J - +2 robe {rC+ rF+}
rPois   .            (helmet currently unavailable)
rElec   .            (cloak currently unavailable)
rCorr   .            (gloves unavailable)
SInv    +            (boots unavailable)
Will    .....        (no amulet) Stlth
                     l - +6 ring of strength
HPRegen 1.24/turn    M - ring of see invisible
MPRegen 0.11/turn

%: no passive effects
@: berserking, beast-form, very quick
A: beast (slay +4), large, unfitting armour, claws 3, regeneration 1, shaggy fur
1, tough skin 1
a: Begin Untransformation, Renounce Religion, Berserk, Trog's Hand


You were on level 8 of the Dungeon.
You worshipped Trog.
Trog was pleased with you.
You were a hulking beast.
You visited 2 branches of the dungeon, and saw 10 of its levels.

You collected 437 gold pieces.
You spent 350 gold pieces at shops.

Inventory:

Hand Weapons
 v - a +1 flail of protection
 A - a +4 flail of holy wrath
 B - a +0 vampiric whip
 D - a +0 antimagic flail
 E - a +0 quarterstaff
 G - a +0 antimagic whip
 O - a +0 lajatang
 S - a +2 morningstar
 W - a +2 sling of freezing
Missiles
 i - 43 poisoned darts
 k - 33 stones (quivered)
 q - 11 large rocks
 C - a throwing net
 P - 5 boomerangs
 T - a curare-tipped dart
Armour
 J - a +2 robe of resistance (worn)
 L - a +2 cloak
 R - a +0 cloak of stealth
 V - +0 steam dragon scales
 Y - a +2 robe of cold resistance
Jewellery
 l - a +6 ring of strength (left claw)
 o - a ring of positive energy
 M - a ring of see invisible (right claw)
 N - a ring of fire
Talismans
 c - a beast talisman
 u - a maw talisman
 Q - a flux talisman
Wands
 d - a wand of charming (11)
Scrolls
 a - a scroll of immolation {unknown}
 g - a scroll of vulnerability {unknown}
 j - a scroll of butterflies
 n - 4 scrolls of enchant armour
 p - 2 scrolls of fear {unknown}
 r - 6 scrolls of teleportation
 w - 2 scrolls of fog {unknown}
 x - 2 scrolls of enchant weapon {unknown}
 y - 2 scrolls of blinking {unknown}
 z - 3 scrolls of poison {unknown}
 F - 2 scrolls of amnesia {unknown}
 I - a scroll of acquirement
 X - a scroll of revelation
 Z - a scroll of brand weapon
Potions
 b - 8 potions of lignification
 e - 5 potions of heal wounds
 f - 3 potions of might {unknown}
 h - 3 potions of enlightenment {unknown}
 m - 2 potions of brilliance {unknown}
 s - a potion of attraction {unknown}
 t - 3 potions of curing {unknown}
 H - 2 potions of haste {unknown}
 K - a potion of degeneration {unknown}
 U - a potion of invisibility {unknown}


   Skills:
 + Level 5.4 Fighting
 + Level 5.6 Throwing
 + Level 5.5 Dodging
 + Level 7.1 Unarmed Combat
 * Level 9.1 Shapeshifting


You had 9 spell levels left.
You didn't know any spells.
Your spell library contained the following spells:

 Spells                   Type           Power      Damage    Failure   Level
 Magic Dart               Conj           0%         1d3       45%         1
 Searing Ray              Conj           0%         2d4       58%         2
 Static Discharge         Conj/Air       0%         3-3/arc   58%         2
 Volatile Blastmotes      Fire/Tloc      0%         2d10      83%         3
 Airstrike                Air            0%         2d(0-16)  99%         4
 Fulminant Prism          Conj/Alch      0%         3d5       99%         4
 Iskenderun's Mystic Bla  Conj/Tloc      0%         2d3       99%         4
 Summon Lightning Spire   Summ/Air       0%         N/A       99%         4


Dungeon Overview and Level Annotations

Branches:
Dungeon (9/15)             Temple (1/1) D:5             Orc (0/2) D:9
   Lair: D:8-11

Altars:
Ashenzari
Cheibriados
Dithmenos
Elyvilon
Fedhas
Gozag
Hepliaklqana
Kikubaaqudgha
Makhleb
Nemelex Xobeh
Okawaru
Ru
Sif Muna
Trog
Uskayaw
Vehumet
Wu Jian
Xom
Yredelemnul
Zin
The Shining One

Shops:
D:5 [   D:7 ?


Innate Abilities, Weirdness & Mutations

You are a hulking beast.
Your limbs bulge with bestial killing power. (Slay +4)
You are too large for most types of armour.
You have claws for hands.
Your natural rate of healing is unusually fast.
You are covered in fur. (AC +1)
You have tough skin. (AC +1)


Message History

The gnoll sergeant hits you with a +0 spear!
The orc priest hits you but does no damage.
The gnoll hits you with a +0 flail.
You scratch the gnoll.
The gnoll is moderately wounded.
The gnoll hits you with a +0 whip. The gnoll hits you with a +0 flail!
The gnoll sergeant hits you but does no damage.
The orc priest hits you with a +0 flail.
The gnoll hits you with a +0 flail!
You closely miss the gnoll.
The gnoll is moderately wounded.
You scratch the gnoll.
The gnoll is heavily wounded.
The gnoll barely misses you. The gnoll hits you with a +0 flail!
The gnoll sergeant hits you with a +0 spear.
* * * LOW HITPOINT WARNING * * *
The orc priest hits you with a +0 flail.
* * * LOW HITPOINT WARNING * * *
The gnoll misses you.
A red film seems to cover your vision as you go berserk!
You feel yourself moving faster!
You feel mighty! The gnoll hits you with a +0 whip.
* * * LOW HITPOINT WARNING * * *
The gnoll closely misses you.
The gnoll sergeant hits you with a +0 spear!
* * * LOW HITPOINT WARNING * * *
The orc priest barely misses you. The gnoll hits you with a +0 flail!
* * * LOW HITPOINT WARNING * * *
You mangle the gnoll!!
You kill the gnoll!
Trog accepts your kill. The gnoll closely misses you.
The gnoll hits you but does no damage. The orc priest misses you.
The gnoll sergeant hits you with a +0 spear!
* * * LOW HITPOINT WARNING * * *
The gnoll attacks as it pursues you! The gnoll closely misses you.
The gnoll hits you with a +0 flail!
* * * LOW HITPOINT WARNING * * *
The gnoll sergeant hits you with a +0 spear!
You die...

#####################
#...gg...............
#.#.hgo..............
#.#.######.####.....#
#.#.# #....+......
#.#.# ######.....#
#############.#.#
#.....#
............#.#.#
#.....#
##########.##.#.#
#######
#........#.##.#.#
#.######.#.##.#.#


You could see a gnoll sergeant, an orc priest and 2 gnolls.

Vanquished Creatures
  Maurice (D:7)
  Joseph (D:7)
  A hornet (D:9)
  A vampire (D:9)
  4 yaks (D:8)
  Eustachio (D:4)
  The ghost of flammie80 the Trooper, an amateur FoMo (D:5)
  A warg (D:9)
  A steam dragon (D:7)
  Edmund (D:4)
  2 water moccasins
  An ice beast (D:5)
  3 black bears
  2 sky beasts
  An orc warrior (D:9)
  A centaur (D:6)
  An ogre (D:5)
  4 kobold brigands
  2 bullfrogs
  A scorpion (D:4)
  13 wights
  9 killer bees
  A howler monkey (D:8)
  A bombardier beetle (D:5)
  2 hounds (D:5)
  4 orc priests
  Crazy Yiuf (D:6)
  A jelly (D:5)
  4 iguanas
  Natasha (thrice) (D:4)
  7 orc wizards
  5 gnolls
  10 adders
  3 shadow imps
  A white imp (D:6)
  4 ufetubi (D:5)
  4 ribbon worms
  A dart slug (D:3)
  21 orcs
  2 ball pythons (D:1)
  A bat (D:3)
  2 endoplasms
  11 goblins
  4 hobgoblins
  6 jackals
  2 quokkas
  2 frilled lizards
  28 kobolds
  5 rats
189 creatures vanquished.

Notes
Turn   | Place    | Note
-------+----------+-------------------------------------------
     0 | D:1      | KittyFluff the Troll Shapeshifter began the quest for the
                  | Orb.
     0 | D:1      | Reached XP level 1. HP: 18/18 MP: 0/0
   218 | D:1      | Found a faded altar of an unknown god.
   437 | D:1      | Reached skill level 1 in Fighting
   509 | D:2      | Reached XP level 2. HP: 27/27 MP: 1/1
   633 | D:2      | Reached XP level 3. HP: 33/33 MP: 2/2
   994 | D:3      | Found a hide-covered altar of Uskayaw.
  1009 | D:3      | Reached XP level 4. HP: 41/41 MP: 3/3
  1075 | D:3      | Found a shimmering blue altar of Sif Muna.
  1374 | D:3      | Found a snail-covered altar of Cheibriados.
  1596 | D:3      | Reached skill level 4 in Shapeshifting
  1618 | D:3      | Found an iron altar of Okawaru.
  1640 | D:4      | Noticed a black bear
  1653 | D:4      | Killed a black bear
  1654 | D:4      | Reached skill level 1 in Throwing
  1654 | D:4      | Reached XP level 5. HP: 14/49 MP: 4/4
  1782 | D:4      | Reached XP level 6. HP: 43/57 MP: 5/5
  1864 | D:4      | Found an ancient bone altar of Kikubaaqudgha.
  1956 | D:4      | Noticed Eustachio
  1974 | D:4      | Killed Eustachio
  1994 | D:4      | Noticed Natasha
  2000 | D:4      | Killed Natasha
  2200 | D:4      | Noticed Edmund
  2208 | D:4      | Killed Edmund
  2209 | D:4      | Reached skill level 5 in Shapeshifting
  2209 | D:4      | Reached XP level 7. HP: 64/66 MP: 4/6
  2510 | D:4      | Noticed Natasha
  2512 | D:4      | Killed Natasha
  2699 | D:4      | Noticed Natasha
  2701 | D:4      | Killed Natasha
  2832 | D:5      | Entered Level 5 of the Dungeon
  2912 | D:5      | Found a runed translucent gate.
  2912 | D:5      | Found a runed translucent gate.
  2912 | D:5      | Found a runed translucent gate.
  2913 | D:5      | Noticed flammie80's ghost (amateur FoMo)
  2990 | D:5      | Killed flammie80's ghost
  2991 | D:5      | Reached XP level 8. HP: 56/75 MP: 7/7
  3056 | D:5      | Found Riwezxo's Antique Armour Shoppe.
  3074 | D:5      | Bought a glowing robe for 81 gold pieces
  3144 | D:5      | Reached skill level 6 in Shapeshifting
  3158 | D:5      | Reached skill level 5 in Unarmed Combat
  3251 | D:5      | Found a basalt altar of Yredelemnul.
  3254 | D:5      | Found a shimmering altar of Xom.
  3365 | D:5      | Found a staircase to the Ecumenical Temple.
  3402 | Temple   | Entered the Ecumenical Temple
  3407 | Temple   | Became a worshipper of Trog the Wrathful
  3442 | D:5      | Bought a runed cloak for 165 gold pieces
  3724 | D:6      | Found a white marble altar of Elyvilon.
  3800 | D:6      | Found a blossoming altar of Fedhas.
  4103 | D:6      | Found a runed translucent door.
  4104 | D:6      | Noticed Crazy Yiuf
  4109 | D:6      | Killed Crazy Yiuf
  4181 | D:6      | Reached skill level 7 in Shapeshifting
  4181 | D:6      | Reached XP level 9. HP: 80/84 MP: 8/8
  4250 | D:7      | Noticed Maurice
  4263 | D:7      | Maurice stole a +0 lajatang
  4266 | D:7      | Maurice stole 11 large rocks
  4267 | D:7      | Maurice stole a flux talisman
  4269 | D:7      | Maurice stole 54 gold
  4270 | D:7      | Maurice stole a ring of positive energy
  4274 | D:7      | Killed Maurice
  4455 | D:7      | Reached * piety under Trog
  4548 | D:7      | Found Oqeonup's Magic Scroll Boutique.
  4674 | D:7      | Noticed Joseph
  4690 | D:7      | Killed Joseph
  4691 | D:7      | Reached skill level 8 in Shapeshifting
  5135 | D:7      | Found an opulent altar of Gozag.
  5236 | D:7      | Bought a scroll of identify for 26 gold pieces
  5236 | D:7      | Bought a scroll of teleportation for 39 gold pieces
  5239 | D:7      | Identified a scroll of acquirement
  5242 | D:7      | Bought a scroll of teleportation for 39 gold pieces
  5295 | D:8      | Reached skill level 5 in Dodging
  5302 | D:8      | Reached skill level 5 in Throwing
  5401 | D:8      | Reached XP level 10. HP: 71/94 MP: 9/9
  5652 | D:8      | Reached ** piety under Trog
  5690 | D:8      | Reached skill level 5 in Fighting
  5809 | D:8      | Found a broken altar of Ashenzari.
  6307 | D:9      | Reached skill level 9 in Shapeshifting
  6318 | D:9      | Found a staircase to the Orcish Mines.
  6610 | D:8      | HP: 5/144 [gnoll/+0 flail[a gnoll sergeant] (10)]
  6610 | D:8      | Slain by a gnoll sergeant

Illustrated notes

Levels and vault maps discovered:
D:1:      minmay_arrival_four_loops, layout_rooms,
          hellmonk_ecumenical_altar_dog_temple
D:2:      layout_rooms, minmay_hexomino_f4
D:3:      layout_basic, mainiacjoe_overflow_chevrons,
          mainiacjoe_overflow_cross_hatched, slow_altar_2,
          kennysheep_okawaru_gauntlet
D:4:      layout_gridville, mainiacjoe_overflow_alcove_4, uniq_eustachio,
          uniq_natasha, uniq_edmund
D:5:      layout_rooms, nicolae_overflow_squiral, temple_statues,
          ebering_ghost_rock_garden, serial_shops, shop
D:6:      layout_gridville, mainiacjoe_overflow_tiny_flanked,
          lemuel_coloured_pillars_altar, uniq_crazy_yiuf_cottage
D:7:      layout_loops_cross, nicolae_gozag_cash_rules_everything_around_me,
          serial_shops, shop, uniq_maurice, uniq_joseph
D:8:      layout_basic, evilmike_ruin_ashenzari, serial_glass, glass_columns_a,
          glass_columns_b, glass_columns_a, glass_columns_b
D:9:      layout_grid_maze, erik_orc_4, special_room [special_room_bee],
          uniq_jeremiah
Temple:   hellmonk_temple_micro_hex

Skill      XL: |  1  2  3  4  5  6  7  8  9 10 |
---------------+-------------------------------+-----
Fighting       | 1 2 3 4 5 |  5.4
Dodging        | 2 3 4 5 |  5.5
Shapeshifting  | 4 5 7 8 9 |  9.1
Throwing       | 1 2 3 5 |  5.6
Unarmed Combat | 4 5 6 7 |  7.1

Action                     |  1- 3 |  4- 6 |  7- 9 | 10-12 || total
---------------------------+-------+-------+-------+-------++-------
  Melee: Unarmed           |    61 |    69 |   246 |   133 ||   509
         Punch             |       |     1 |    10 |     5 ||    16
  Throw: Stone             |       |     2 |    16 |    18 ||    36
         Dart              |       |     1 |       |       ||     1
 Invoke: Berserk           |       |       |       |     1 ||     1
    Use: Scroll            |       |       |     5 |     1 ||     6
 Armour: Animal skin       |    31 |       |       |       ||    31
         Robe              |     3 |    48 |   185 |    97 ||   333
  Dodge: Dodged            |    22 |    24 |   125 |    63 ||   234
